cohdb
Replays
Latest Replays
All Replays
Popular Replays
Top Player Replays
Match Explorer
How It Works
Community
CoH3 Stats
Reddit
Sign in to upload your games and track your stats! →
Sign in with Steam
Match 42263854
Unlisted
Match 42263854
Overview
Messages
Build Orders
End
Construct Infanterie Kompanie
Selects Terror Battlegroup
Selects Machine Gun Camouflage
MG 42 Machine Gun Team
Grenadier Squad
Grenadier Squad
Grenadier Squad
Infanterie Officer Quarters
Construct Panzergrenadier Kompanie
Grenadier Squad
251 Medium Carrier
Pak 40 Anti-tank Gun Team
MG 42 Machine Gun Team
Construct Panzer Kompanie
Selects No Quarter
Selects Contempt for the Weak
Stoßtruppen Squad
Sturmpanzer IV Brummbär
251 Medium Carrier
Side Skirts
Stoßtruppen Squad
Selects Propaganda Leaflet Drop
Selects V1 Rocket Strike
Pak 40 Anti-tank Gun Team
Propaganda Leaflet Drop
V1 Rocket Strike
Sturmpanzer IV Brummbär
Panzer Officer Quarters
Propaganda Leaflet Drop
Stoßtruppen Squad
Pioneer Squad
Propaganda Leaflet Drop
Stoßtruppen Squad
Sturmpanzer IV Brummbär
Grenadier Squad
Propaganda Leaflet Drop
Sturmpanzer IV Brummbär
Stoßtruppen Squad
Stoßtruppen Squad
Selects King Tiger Heavy Tank
【PZV】幸运的雪风酱Ciallo~(∠・ω< )⌒★
Q7PoloRalph_Trendsetter
Fugue_Heaven
Dahlian
Random_Target
just a chill world leader ♡
0
0
Comments
sign in to comment!
No comments posted yet!